 Dungeon Crawl Stone Soup version 0.32-a0-471-gb91d5d9764 (webtiles) character file.

Game seed: 7407425928174668655

644 Ghalta the Trooper (level 7, 0/55 HPs)
             Began as a Mummy Fighter on Feb 25, 2024.
             Was a Follower of Beogh.
             Incinerated by a bombardier beetle (9 damage)
             ... with a burning spray
             ... on level 5 of the Dungeon.
             The game lasted 00:03:39 (3400 turns).

Ghalta the Trooper (Mummy Fighter)                  Turns: 3400, Time: 00:03:40

Health: 0/55       AC:  7    Str: 21    XL:     7   Next: 26%
Magic:  7/7        EV:  9    Int:  8    God:    Beogh [*.....]
Gold:   135        SH:  4    Dex: 11    Spells: 6/6 levels left

rFire   x . .        a - +0 war axe
rCold   + . .        c - +0 buckler
rNeg    + + +        b - +0 scale mail
rPois   ∞            (no helmet)
rElec   .            (no cloak)
rCorr   .            (no gloves)
SInv    .            (no boots)
Will    .....        (no amulet) Stlth
                     (no ring)
HPRegen 0.29/turn    (no ring)
MPRegen 0.10/turn

%: faith
@: on fire, glowing
A: cold resistance 1, negative energy resistance 3, torment resistance 2, heat
vulnerability 1, in touch with death 1, no potions, faith
a: Renounce Religion


You were on level 5 of the Dungeon.
You worshipped Beogh.
Beogh was aware of your devotion.
You visited 1 branch of the dungeon, and saw 5 of its levels.

You collected 135 gold pieces.

Inventory:

Hand Weapons
 a - a +0 war axe (weapon)
Armour
 b - a +0 scale mail (worn)
 c - a +0 buckler (worn)
Scrolls
 d - 2 scrolls of blinking {unknown}
 e - a scroll of enchant armour {unknown}
 f - 3 scrolls of identify {unknown}
 g - 2 scrolls of teleportation {unknown}
 h - a scroll of amnesia {unknown}
 i - a scroll of immolation {unknown}
 j - a scroll of butterflies {unknown}
 k - a scroll of vulnerability {unknown}


   Skills:
 + Level 4.6 Fighting
 * Level 4.4 Axes
 + Level 3.7 Armour
 + Level 3.8 Shields


You had 6 spell levels left.
You didn't know any spells.
Your spell library contained the following spells:

 Spells                   Type           Power      Damage    Failure   Level
 Blink                    Tloc           0%         N/A       91%         2
 Ensorcelled Hibernation  Hex/Ice        0%         N/A       91%         2
 Lesser Beckoning         Tloc           0%         N/A       91%         2
 Momentum Strike          Conj/Tloc      0%         3d8       91%         2
 Fugue of the Fallen      Necr           0%         N/A       99%         3
 Anguish                  Hex/Necr       0%         N/A       100%        4
 Leda's Liquefaction      Alch/Erth      0%         N/A       100%        4
 Lee's Rapid Deconstruct  Erth           0%         3d4*      100%        5
 Bombard                  Conj/Erth      0%         9d1       100%        6


Dungeon Overview and Level Annotations

Branches:
Dungeon (5/15)
 Temple: D:4-7

Altars:
Gozag
Hepliaklqana
Sif Muna
Vehumet
Wu Jian


Innate Abilities, Weirdness & Mutations

You are immune to poison.
Your flesh is cold resistant. (rC+)
You are immune to negative energy. (rN+++)
You are immune to unholy pain and torment.
You are vulnerable to heat. (rF-)
You are in touch with the powers of death.
You do not drink.
You have a special connection with the divine. (Faith)


Message History

You are too injured to fight recklessly!
You are too injured to fight recklessly!
You are too injured to fight recklessly!
You are too injured to fight recklessly!
You are too injured to fight recklessly!
You are too injured to fight recklessly!
You are too injured to fight recklessly!
You are too injured to fight recklessly!
You are too injured to fight recklessly!
You are too injured to fight recklessly!
You are too injured to fight recklessly!
You are too injured to fight recklessly!
You are too injured to fight recklessly!
You are too injured to fight recklessly!
You are too injured to fight recklessly!
You are too injured to fight recklessly!
You are too injured to fight recklessly!
You are too injured to fight recklessly!
You are too injured to fight recklessly!
You shake off some of the fire as you move.
The liquid fire burns you! The phantom hits you.
The phantom blinks!
You blink.
You shake off some of the fire as you move.
The liquid fire burns you! The phantom hits you.
The phantom blinks!
You blink.
You shake off some of the fire as you move.
The liquid fire burns you!
* * * LOW HITPOINT WARNING * * *
The phantom hits you.
* * * LOW HITPOINT WARNING * * *
The bombardier beetle sprays incendiary fluid at you.
The burning spray hits you.
You are even more covered in liquid fire!
You shake off some of the fire as you move.
The liquid fire burns you!
* * * LOW HITPOINT WARNING * * *
The phantom barely misses you.
You shake off some of the fire as you move.
The liquid fire burns you!
You die...

....###.# #......##
## ##....## . ####.#
.## #.#######.###.#
#.##......##..##
...##....######....#
#...........##...W#
...........$..B.@..#
###############./..#
#....# ####.# #.#
#.# #.# #..


You could see a phantom and a bombardier beetle.

Vanquished Creatures
  Menkaure (D:4)
  2 ogres (D:4)
  A scorpion (D:5)
  2 howler monkeys (D:5)
  A bombardier beetle (D:4)
  A hound (D:5)
  An orc wizard (D:4)
  5 adders
  A gnoll (D:4)
  2 ufetubi (D:5)
  A dart slug (D:1)
  2 ribbon worms
  9 orcs
  A ball python (D:3)
  8 endoplasms
  4 giant cockroaches
  5 goblins
  2 hobgoblins (D:1)
  3 kobolds
  2 quokkas
  8 bats
  4 frilled lizards
  3 rats (D:1)
  A spectral orc (D:4)
70 creatures vanquished.

Vanquished Creatures (others)
  A ribbon worm (D:3)
1 creature vanquished.

Grand Total: 71 creatures vanquished

Notes
Turn   | Place    | Note
-------+----------+-------------------------------------------
     0 | D:1      | Ghalta the Mummy Fighter began the quest for the Orb.
     0 | D:1      | Reached XP level 1. HP: 18/18 MP: 1/1
   187 | D:1      | Reached XP level 2. HP: 24/24 MP: 2/2
   766 | D:2      | Reached XP level 3. HP: 29/29 MP: 3/3
   923 | D:2      | You fall into a shaft and drop 2 floors!
  1126 | D:4      | Reached XP level 4. HP: 34/35 MP: 4/4
  1140 | D:4      | Noticed Menkaure
  1149 | D:4      | Killed Menkaure
  1150 | D:4      | Reached XP level 5. HP: 20/42 MP: 5/5
  1307 | D:4      | Found a hazy altar of Hepliaklqana.
  1747 | D:3      | Found a faded altar of an unknown god.
  1775 | D:3      | Became a worshipper of Beogh the Shepherd
  1790 | D:3      | Reached XP level 6. HP: 47/48 MP: 6/6
  1955 | D:3      | Found a radiant altar of Vehumet.
  1963 | D:3      | Found an ornate altar of the Wu Jian Council.
  2157 | D:3      | Found a shimmering blue altar of Sif Muna.
  2407 | D:4      | Found an opulent altar of Gozag.
  2478 | D:4      | HP: 1/48 [ogre/+0 giant club (22)]
  3211 | D:5      | Entered Level 5 of the Dungeon
  3276 | D:5      | Reached XP level 7. HP: 39/55 MP: 7/7
  3354 | D:5      | Reached * piety under Beogh
  3400 | D:5      | Incinerated by a bombardier beetle

Illustrated notes

Levels and vault maps discovered:
D:1:      psy_arrival_whirlpool, layout_loops_cross, minmay_worlds_worst_comb
D:2:      layout_basic
D:3:      layout_loops_cross, lemuel_tele_altar, grunt_temple_overflow_open,
          nicolae_ecumenical_oubliette, kennysheep_generic_room_7
D:4:      layout_loops_ring, nicolae_hepliaklqana_monster_ancestors,
          mainiacjoe_overflow_surrounded_room, sigmund_army, uniq_menkaure
D:5:      old_forge, layout_rooms, tgw_trog, minmay_temple_entry_poolview,
          gup_sewer_entry_bowl, uniq_crazy_yiuf_cottage

Skill      XL: |  1  2  3  4  5  6 |
---------------+-------------------+-----
Axes           | 2 3 4 |  4.4
Armour         | 3 |  3.7
Shields        | 3 |  3.8
Fighting       | 4 |  4.6

Action                     |  1- 3 |  4- 6 |  7- 9 || total
---------------------------+-------+-------+-------++-------
  Melee: War axe           |    87 |   102 |    36 ||   225
 Invoke: Convert to Beogh  |       |     1 |       ||     1
 Armour: Scale mail        |    65 |    69 |    36 ||   170
  Dodge: Dodged            |    47 |    53 |    18 ||   118
  Block: Buckler           |    15 |    24 |    13 ||    52

Table legend: (Time is in decaauts)
 A = Elapsed time spent in this place.
 B = Non-inter-level travel time spent in this place.
 C = Inter-level travel time spent in this place.
 D = Time resting spent in this place.
 E = Time spent auto-exploring this place.
 F = Levels seen in this place.
 G = Mean time per level.
                   A        B        C        D        E       F      G
               +--------+--------+--------+--------+--------+-----+--------+
         Total |   3487 |   3378 |    109 |    235 |   2451 |   5 |  697.4 |
       Dungeon |   3487 |   3378 |    109 |    235 |   2451 |   5 |  697.4 |
               +--------+--------+--------+--------+--------+-----+--------+

Top non-repeatable levels by time:
     D:4: 1316 daAuts
     D:1: 747 daAuts
     D:3: 623 daAuts
     D:2: 592 daAuts
     D:5: 207 daAuts
